Unix NetHack Version 5.0.0-0 post-release - last build May 10 2026 23:12:36 (d1fa5d53e341ca933230fdaa984d921c805b60aa,branch:main).

Game began 2026-05-15 20:50:35, ended 2026-05-15 21:14:23.

ArrBianca, lawful female human Valkyrie

      -------
      |.....|
      |.....|
      |.....|
      |.....|                   ###############    ------------
      ----.--                ####-------------#    |..........|
          #                 ##   |C.........C|#####..<........|
          #                ##    |.....C......##   |..........-#
          #[              ##     |...-----....##   ------.-.---
           #             ##      |.....{.|...|# #        # #
           ##            #       |..C|{.{|C..|#  #         #
            ##          ##       |...| {.|...|#            #
       ------|---   #####        |...----....|#    *       #
       |........|####            |.....@.....|#     *    --.--------.--
       |........-#               |C.........C|#      *###.%.......?...|
       |..^.....|                -------------###########+...)..).....|
       ----------                                        |.....)......|
                                                         --------------

ArrBianca the Fighter       St:17 Dx:10 Co:17 In:9 Wi:6 Ch:11  Lawful
Dlvl:7  $:229 HP:0(58) Pw:14(14) AC:-4 Xp:6 T:3255  FoodPois

Latest messages:
 The killer bee stings!
 You hit the killer bee.
 The killer bee misses!
 The killer bee misses!
 You kill the killer bee!
 You see here a killer bee corpse.
 You hear a strange wind.
 What do you want to drop? [$a-chklnpsuvDFHJ-Q or ?*] <esc>
 Never mind.
 Pick a monster, object or location.
 a        an ant or other insect (killer bee)
 What do you want to drop? [$a-chklnpsuvDFHJ-Q or ?*] <esc>
 Never mind.
 What do you want to drop? [$a-chklnpsuvDFHJ-Q or ?*] <esc>
 Never mind.
 You see here a statue of a plains centaur.
 L - a scroll labeled LOREM IPSUM (2 in total).
 You see here a killer bee corpse.
 In what direction? h
 The dart misses.
 In what direction? h
 The dart misses.
 In what direction? h
 The dart misses.
 H - a dart (at the ready) (4 in total).
 H - a dart (at the ready) (5 in total).
 H - a dart (at the ready) (6 in total).
 You see here a killer bee corpse.
 There is a killer bee corpse here; eat it? [ynq] (n) y
 Ecch - that must have been poisonous!
 You seem unaffected by the poison.
 You finish eating the killer bee corpse.
 You see here a killer bee corpse.
 There is a killer bee corpse here; eat it? [ynq] (n) y
 Ulch - that meat was tainted!
 You feel deathly sick.
 (It must have died too long ago to be safe to eat.)
 You see here a statue of a plains centaur.
 Are you sure you want to pray? [yn] (n) y
 You begin praying to Tyr.
 Your sickness feels worse.
 You finish your prayer.
 You feel that Tyr is displeased.
 "Velkommen, ArrBianca, welcome to Delphi!"
 Your sickness is severe.
 You are at Death's door.
 You are carrying too much to get through.
 You see here a statue of a plains centaur.
 You die from your illness.
 Do you want an account of creatures vanquished? [ynaq] (y) q

Inventory:
 Coins    ('$')
  $ - 229 gold pieces
 Weapons  (')')
  H - 6 +0 darts (at the ready)
  b - a +0 dagger (alternate weapon; not wielded)
  l - a +0 orcish dagger
  a - a corroded +1 spear (weapon in right hand)
 Armor    ('[')
  s - an uncursed +0 orcish helm (being worn)
  p - an uncursed +0 pair of leather gloves (being worn)
  n - an uncursed +0 pair of kicking boots (being worn)
  c - an uncursed +4 small shield (being worn)
  O - an uncursed +0 splint mail (being worn)
 Comestibles  ('%')
  v - 2 cursed food rations
  Q - a cursed partly eaten food ration
 Scrolls  ('?')
  L - 2 uncursed scrolls of enchant weapon
  D - an uncursed scroll of identify
  u - an uncursed scroll of light
 Potions  ('!')
  J - a blessed potion of object detection
  M - an uncursed potion of sleeping
 Rings    ('=')
  P - an uncursed ring of shock resistance
 Wands    ('/')
  N - a wand of polymorph (0:6)
 Tools    ('(')
  K - an uncursed mirror
  F - a cursed oil lamp (lit)
  k - an uncursed skeleton key
  h - an uncursed tin whistle

ArrBianca the Valkyrie's attributes:

Background:
 You were a Fighter, a level 6 human Valkyrie.
 You were lawful, on a mission for Tyr
 who was opposed by Odin (neutral) and Loki (chaotic).
 You were right-handed.
 You were in the Dungeons of Doom, on level 7.
 You entered the dungeon 3255 turns ago.
 You had 618 experience points, 22 more were needed to attain level 7.

Basics:
 You had 0 out of 58 hit points.
 You had all 14 energy points (spell power).
 Your armor class was -4.
 Your wallet contained 229 zorkmids.
 Autopickup was on for '$?!/="+%' plus thrown, with exceptions.

Final Characteristics:
 Your strength was 17 (peak:18/01, limit:18/100).
 Your dexterity was 10 (limit:18).
 Your constitution was 17 (limit:18).
 Your intelligence was 9 (limit:18).
 Your wisdom was 6 (peak:7, limit:18).
 Your charisma was 11 (limit:18).

Final Status:
 You died from food poisoning.
 You weren't hungry.
 You were unencumbered.
 You were wielding a spear.
 You had basic skill with spear and could have enhanced that.

Final Attributes:
 You were piously aligned.
 You were cold resistant.
 You were poison resistant.
 You were stealthy.
 You were warded.
 You were unlucky.
 Tyr was angry with you.
 You are dead.

Miscellaneous:
 You encountered 1 bones level.
 Total elapsed playing time was 23 minutes and 48 seconds.

Major events:
 Turn
    1: ArrBianca the lawful human Valkyrie entered the dungeon
  981: attained the rank of Skirmisher (level 3)
 2910: attained the rank of Fighter (level 6)
 3255: poisoned by a rotted killer bee corpse

You didn't know any spells.

Skills:
 Fighting Skills
   bare handed combat [Unskilled]
   two weapon combat  [Unskilled]
   riding             [Unskilled]
 Weapon Skills
   dagger             [Basic]
   axe                [Unskilled]
   pick-axe           [Unskilled]
   short sword        [Unskilled]
   broadsword         [Unskilled]
   long sword         [Unskilled]
   two-handed sword   [Unskilled]
   saber              [Unskilled]
   hammer             [Unskilled]
   quarterstaff       [Unskilled]
   polearms           [Unskilled]
   spear              [Basic]
   trident            [Unskilled]
   lance              [Unskilled]
   sling              [Unskilled]
 Spellcasting Skills
   attack spells      [Unskilled]
   escape spells      [Unskilled]

Voluntary challenges:
 Character rerolling was not enabled.
 You never had a pet.
 You never genocided any monsters.
 You never polymorphed an object.
 You never changed form.
 You used no wishes.
Achievements:
 You attained the rank of Skirmisher.
 You attained the rank of Fighter.

 The Dungeons of Doom: levels 1 to 7
    Level 1:
       A fountain.
    Level 2:
       An altar to Tyr.
    Level 3:
       Some fountains, some graves.
    Level 4: "stash"
       A fountain, some graves.
       Final resting place for
          SaltwaterTaft-Val-Hum-Fem-Law, killed by a coyote, while frozen by a floating eye's gaze.
    Level 5:
    Level 6:
    Level 7: <- You were here.
       Many fountains.
       Oracle of Delphi.
       Final resting place for
          you, poisoned by a rotted killer bee corpse.


Vanquished creatures:
  a gold golem
  a dingo
  a plains centaur
  a mountain nymph
  2 rock piercers
  3 rock moles
  a pony
  a gnome leader
  a gnomish wizard
  a straw golem
  2 giant ants
  a little dog
  a floating eye
  2 kobold leaders
  a giant bat
 an orc zombie
 an iguana
  8 killer bees
 an acid blob
  a coyote
  a gas spore
  a hobgoblin
  2 giant rats
  a yellow mold
  a red mold
  a gnome
  2 garter snakes
  a gnome zombie
  3 geckos
  4 jackals
  a kobold
  2 goblins
  a grid bug
  a bat
  4 lichens
  a kobold zombie
 10 newts
69 creatures vanquished.

No species were genocided or became extinct.

Game over:
                       ----------
                      /          \
                     /    REST    \
                    /      IN      \
                   /     PEACE      \
                  /                  \
                  |    ArrBianca     |
                  |      229 Au      |
                  |  poisoned by a   |
                  |  rotted killer   |
                  |    bee corpse    |
                  |                  |
                  |       2026       |
                 *|     *  *  *      | *
        _________)/\\_//(\/(/\)/\//\/|_)_______

Farvel ArrBianca the Valkyrie...

You were poisoned in The Dungeons of Doom on dungeon level 7 with 2999 points,
and 229 pieces of gold, after 3255 moves.
You were level 6 with a maximum of 58 hit points when you were poisoned.

